 Dungeon Crawl Stone Soup version 0.28.0-53-g5a82cb258f (webtiles) character file.

Game seed: 4781247001512203319

1439 KamiKatze the Cleaver (level 8, 0/72 HPs)
             Began as a Gargoyle Berserker on July 24, 2022.
             Was a Priest of Trog.
             Slain by a two-headed ogre
             ... wielding a +0 giant club
              (4 damage)
             ... on level 7 of the Dungeon.
             The game lasted 00:18:51 (6151 turns).

KamiKatze the Cleaver (Gargoyle Berserker)          Turns: 6151, Time: 00:18:52

Health: 0/72       AC: 17    Str: 30    XL:     8   Next: 74%
Magic:  8/8        EV: 14    Int:  7    God:    Trog [***...]
Gold:   158        SH:  4    Dex:  9    Spells: 7/7 levels left

rFire   + . .      SeeInvis .   A - +1 war axe (freeze)
rCold   . . .      Faith    .   E - +0 buckler
rNeg    + . .      Spirit   .   I - +2 scale mail {rF+}
rPois   ∞          Reflect  .   x - +0 helmet
rElec   +          Harm     .   B - +1 cloak {Stlth+}
rCorr   .          Rampage  .   (no gloves)
Will    .....                   (no boots)
Stlth   ..........              (no amulet)
HPRegen 0.22/turn               g - +4 ring of evasion
MPRegen 0.11/turn               C - +6 ring of strength

@: berserking (expiring), very quick
A: sickness immunity, AC +5, negative energy resistance 1, electricity
resistance, torment resistance 1, petrification resistance
a: Renounce Religion, Berserk, Trog's Hand


You were on level 7 of the Dungeon.
You worshipped Trog.
Trog was most pleased with you.
You visited 2 branches of the dungeon, and saw 8 of its levels.

You collected 353 gold pieces.
You spent 195 gold pieces at shops.

Inventory:

Hand Weapons
 a - a +0 hand axe
 t - a +0 spear
 A - a +1 war axe of freezing (weapon)
 J - a +2 flail of protection
 L - a +2 broad axe of venom
Missiles
 d - 3 throwing nets
 q - 6 poisoned darts
 r - 66 stones (quivered)
Armour
 e - a +1 chain mail of willpower
 x - a +0 helmet (worn)
 B - a +1 cloak of stealth (worn)
 E - a +0 buckler (worn)
 I - a +2 scale mail of fire resistance (worn)
Jewellery
 g - a +4 ring of evasion (left hand)
 p - a ring of ice
 C - a +6 ring of strength (right hand)
Wands
 m - a wand of flame (17)
 F - a wand of acid (8)
 M - a wand of digging (4)
Scrolls
 b - 2 scrolls of enchant weapon
 h - a scroll of silence {unknown}
 i - 2 scrolls of fog {unknown}
 j - 2 scrolls of amnesia
 l - 5 scrolls of teleportation
 n - a scroll of holy word
 o - 2 scrolls of noise {unknown}
 s - a scroll of brand weapon
 y - 3 scrolls of identify {unknown}
 D - 2 scrolls of magic mapping {unknown}
 H - a scroll of fear {unknown}
 N - a scroll of blinking {unknown}
Potions
 c - 3 potions of curing {unknown}
 f - a potion of attraction {unknown}
 k - 2 potions of ambrosia {unknown}
 u - a potion of might
 v - a potion of resistance {unknown}
 w - a potion of lignification {unknown}
 z - 2 potions of magic {unknown}
 G - a potion of invisibility {unknown}
 K - a potion of mutation {unknown}


   Skills:
 - Level 4.0 Fighting
 * Level 8.9 Axes
 - Level 3.0 Armour
 - Level 2.0 Dodging
 - Level 4.0 Shields


You had 7 spell levels left.
You didn't know any spells.
Your spell library contained the following spells:

 Spells                   Type           Power      Damage    Failure   Level
 Shock                    Conj/Air       0%         1d3       77%         1
 Corpse Rot               Necr/Air       0%         N/A       88%         2
 Poisonous Vapours        Pois/Air       0%         N/A       88%         2
 Swiftness                Air            0%         N/A       98%         3
 Airstrike                Air            0%         N/A       100%        4


Dungeon Overview and Level Annotations

Branches:
Dungeon (7/15)             Temple (1/1) D:4

Altars:
Ashenzari
Cheibriados
Elyvilon
Fedhas
Gozag
Hepliaklqana
Kikubaaqudgha
Makhleb
Okawaru
Qazlal
Ru
Sif Muna
Trog
Vehumet
Wu Jian
Xom
Yredelemnul
Zin
The Shining One

Shops:
D:5 [


Innate Abilities, Weirdness & Mutations

You are immune to sickness and miasma.
Your stone body is resilient. (AC +5)
You are immune to poison.
You resist negative energy. (rN+)
You are resistant to electric shocks. (rElec)
You are resistant to unholy torment.
You are immune to petrification.


Message History

You feel yourself moving faster!
You feel mighty!
You feel a strong urge to attack something.
The two-headed ogre hits you with a +0 giant club.
The two-headed ogre barely misses you.
You barely miss the two-headed ogre. You hit the two-headed ogre.
You freeze the two-headed ogre.
The two-headed ogre is lightly wounded.
The two-headed ogre hits you with a +0 giant club!!
* * * LOW HITPOINT WARNING * * *
The two-headed ogre hits you with a +0 giant club.
* * * LOW HITPOINT WARNING * * *
You hit the two-headed ogre. You freeze the two-headed ogre.
The two-headed ogre is lightly wounded.
You block the two-headed ogre's attack. The two-headed ogre closely misses you.
You hit the two-headed ogre but do no damage.
The two-headed ogre is lightly wounded.
You barely miss the two-headed ogre.
The two-headed ogre is lightly wounded.
The two-headed ogre completely misses you.
The two-headed ogre hits you with a +0 giant club!
* * * LOW HITPOINT WARNING * * *
You hit the two-headed ogre. You freeze the two-headed ogre.
The two-headed ogre is moderately wounded.
You slash the two-headed ogre! You freeze the two-headed ogre.
The two-headed ogre is heavily wounded.
The two-headed ogre hits you with a +0 giant club.
* * * LOW HITPOINT WARNING * * *
The two-headed ogre hits you with a +0 giant club.
* * * LOW HITPOINT WARNING * * *
You hit the two-headed ogre. You freeze the two-headed ogre.
The two-headed ogre is heavily wounded.
You closely miss the two-headed ogre.
The two-headed ogre is heavily wounded.
The two-headed ogre hits you with a +0 giant club!
* * * LOW HITPOINT WARNING * * *
The two-headed ogre misses you.
You barely miss the two-headed ogre.
The two-headed ogre is heavily wounded.
The two-headed ogre hits you with a +0 giant club.
You die...

##.## ###...#.#
..###...#####.......#
...O......#..........#
#.####..<.#.##.>.....#
##.#.#.####...###
#.#.#.# #.........#
#.#.#.# ##.##..≈.≈.
#####.#.#.# #.# .♣...♣
......O@..# #.# . .≈.
#.#.............# ..
.. #.....######### ≈.
. ........# ...
##......# ........#
##......# ##...#.#


You could see a two-headed ogre.

Vanquished Creatures
  An ice beast (D:7)
  A black bear (D:5)
  A centaur (D:5)
  2 ogres
  2 phantoms
  A kobold brigand (D:4)
  A scorpion (D:6)
  3 wights
  A centaur zombie (D:7)
  4 jellies
  A gnoll shaman (D:6)
  5 hounds
  2 iguanas
  An orc wizard (D:7)
  2 hound skeletons (D:4)
  3 gnolls (D:7)
  4 adders
  2 worms
  5 dart slugs
  15 orcs
  7 ball pythons
  8 bats
  8 endoplasms
  3 giant cockroaches
  4 goblins
  4 hobgoblins
  8 jackals
  9 kobolds
  2 quokkas (D:4)
  3 frilled lizards
  10 rats
123 creatures vanquished.

Vanquished Creatures (others)
  14 plants (D:4)
14 creatures vanquished.

Grand Total: 137 creatures vanquished

Notes
Turn   | Place    | Note
-------+----------+-------------------------------------------
     0 | D:1      | KamiKatze the Gargoyle Berserker began the quest for the
                  | Orb.
     0 | D:1      | Reached XP level 1. HP: 14/14 MP: 1/1
   193 | D:1      | Reached XP level 2. HP: 14/19 MP: 2/2
   320 | D:1      | Reached skill level 3 in Axes
   743 | D:2      | Reached XP level 3. HP: 14/23 MP: 3/3
  1118 | D:2      | Reached ** piety under Trog
  1767 | D:3      | Reached XP level 4. HP: 24/29 MP: 4/4
  1935 | D:3      | Found a faded altar of an unknown god.
  2567 | D:4      | Found a staircase to the Ecumenical Temple.
  2577 | Temple   | Entered the Ecumenical Temple
  3016 | D:4      | Reached skill level 4 in Axes
  3016 | D:4      | Reached XP level 5. HP: 33/33 MP: 5/5
  3390 | D:4      | Reached skill level 5 in Axes
  3421 | D:4      | Reached XP level 6. HP: 38/38 MP: 6/6
  3573 | D:4      | Reached skill level 6 in Axes
  3872 | D:5      | Entered Level 5 of the Dungeon
  3879 | D:5      | Found a basalt altar of Yredelemnul.
  3927 | D:5      | Reached XP level 7. HP: 40/43 MP: 7/7
  4005 | D:5      | Reached *** piety under Trog
  4015 | D:5      | Found an ornate altar of the Wu Jian Council.
  4049 | D:5      | Found Okhedic's Antique Armour Boutique.
  4140 | D:5      | You fall into a shaft and drop 2 floors!
  4490 | D:6      | Reached skill level 7 in Axes
  4531 | D:6      | Found a sacrificial altar of Ru.
  4770 | D:5      | Bought a shiny scale mail for 119 gold pieces
  4783 | D:5      | Bought a buckler for 76 gold pieces
  4844 | D:5      | Reached skill level 1 in Shields
  4875 | D:5      | Reached XP level 8. HP: 34/48 MP: 8/8
  5335 | D:7      | Reached skill level 8 in Axes
  6137 | D:7      | Noticed a two-headed ogre
  6151 | D:7      | Slain by a two-headed ogre

Illustrated notes

Levels and vault maps discovered:
D:1:      elethiomel_arrival_infinity_welcomes_careful_drivers, layout_rooms,
          st_stairs_1, minmay_pentomino_r2
D:2:      layout_loops_corners, grunt_decor_resistance
D:3:      layout_loops_ring, basic_ecumenical_altar, minivault_14,
          minmay_liquid_box
D:4:      layout_loops_cross, minmay_temple_entry_statues_fountains,
          chequers_big_river, minmay_misc_feat_tiny, lexackson_kobold_supper
D:5:      layout_rooms, old_standard_altar, nicolae_wu_jian_immortal_techniques,
          serial_shops, nicolae_shop_temple_entry_statues_fountains
D:6:      layout_cave_pods, marbit_many_paths
D:7:      layout_loops_ring, serial_shops, nicolae_square_shop, shop,
          nicolae_lakefront_shop, kennysheep_crisscross
Temple:   regret_index_temple_sphere_string

Skill      XL: |  1  2  3  4  5  6  7  8 |
---------------+-------------------------+-----
Axes           | 3 4 5 6 7 8 |  8.9
Dodging        | 2 |  2.0
Fighting       | 4 |  4.0
Armour         | 3 |  3.0
Shields        | 2 4 |  4.0

Action                   |  1- 3 |  4- 6 |  7- 9 || total
-------------------------+-------+-------+-------++-------
Melee: Hand axe          |   119 |   202 |   187 ||   508
       Punch             |     1 |     2 |     2 ||     5
       War axe           |       |       |    10 ||    10
Throw: Throwing net      |     1 |       |       ||     1
       Stone             |       |     5 |     1 ||     6
       Dart              |       |       |     2 ||     2
Invok: Berserk           |     1 |     1 |     5 ||     7
       Trog's Hand       |       |       |     1 ||     1
  Use: Scroll            |     1 |     4 |       ||     5
 Stab: Held in net/web   |     1 |       |       ||     1
       Sleeping          |     1 |       |       ||     1
Armor: Animal skin       |    22 |       |       ||    22
       Leather armour    |    11 |    46 |     9 ||    66
       Scale mail        |       |       |    47 ||    47
       Ring mail         |       |       |     5 ||     5
Dodge: Dodged            |    99 |   159 |   107 ||   365
Block: Buckler           |       |       |    13 ||    13
